 Seeded DCSS version 0.30.1-6-gbe392663c4 (webtiles) character file.

Game seed: 13629101546802201404 (custom seed)

4562 Psyclone the Thaumaturge (level 10, -4/64 HPs)
             Began as a Deep Elf Conjurer on Sept 21, 2023.
             Was an Initiate of Gozag.
             Slain by an orc knight
             ... wielding a +0 glaive
              (26 damage)
             ... in a bailey.
             The game lasted 00:36:39 (12051 turns).

Psyclone the Thaumaturge (Deep Elf Conjurer)       Turns: 12051, Time: 00:36:40

Health: -4/64      AC:  9    Str:  4    XL:     10   Next: 18%
Magic:  15/24      EV: 30    Int: 34    God:    Gozag
Gold:   1245       SH:  0    Dex: 13    Spells: 18/25 levels left

rFire   . . .        f - +4 dagger
rCold   + . .        (no shield)
rNeg    + . .        y - +1 robe {rN+}
rPois   .            a - +0 helmet
rElec   .            (no cloak)
rCorr   .            z - +0 pair of gloves
SInv    .            (no boots)
Will    ++...        q - amulet of Sonn {Acrobat Will+}
Stlth   +            w - +6 ring of intelligence
HPRegen 0.30/turn    o - +4 ring of protection
MPRegen 0.19/turn

%: acrobat
@: acrobatic, very slow
A: cold resistance 1
a: Renounce Religion, Potion Petition, Call Merchant, Bribe Branch


You were in a bailey.
You worshipped Gozag.
Gozag was most pleased with you.
You visited 2 branches of the dungeon, and saw 9 of its levels.
You also visited: Sewer and Bailey.

You collected 1385 gold pieces.
You paid 140 gold pieces to Gozag.

Inventory:

Hand Weapons
 f - a +4 dagger (weapon)
Armour
 a - a +0 helmet (worn)
 y - a +1 robe of positive energy (worn)
 z - a +0 pair of gloves (worn)
Magical Staves
 g - a staff of earth
Jewellery
 e - a +6 ring of dexterity
 k - a ring of ice
 o - a +4 ring of protection (right hand)
 q - the amulet of Sonn (around neck) {Acrobat Will+}
   (You acquired it in a sewer)

   [amulet of the acrobat]

   It increases your evasion while moving and waiting.
   Will:      It increases your willpower.
 u - a ring of protection from cold
 w - a +6 ring of intelligence (left hand)
Wands
 p - a wand of iceblast (2)
Scrolls
 h - 2 scrolls of fog
 m - 4 scrolls of teleportation
 n - a scroll of enchant armour
 s - 2 scrolls of blinking
 t - 4 scrolls of poison
 B - 3 scrolls of enchant weapon
Potions
 b - 3 potions of flight
 c - 4 potions of heal wounds
 d - 3 potions of haste
 i - 2 potions of mutation
 j - 2 potions of berserk rage
 l - 2 potions of curing
 r - a potion of invisibility
 x - a potion of might
 A - a potion of lignification {unknown}


   Skills:
 - Level 8.0 Fighting
 - Level 8.0 Dodging
 - Level 2.4 Stealth
 - Level 8.1 Spellcasting
 - Level 8.0 Conjurations
 + Level 5.8 Hexes


You had 18 spell levels left.
You knew the following spells:

 Your Spells              Type           Power      Damage    Failure   Level
a - Magic Dart            Conj           100%       1d8       1%          1
b - Searing Ray           Conj           100%       2d8       1%          2
d - Fulminant Prism       Conj/Hex       28%        3d13      1%          4

Your spell library contained the following spells:

 Spells                   Type           Power      Damage    Failure   Level
 Kiss of Death            Conj/Necr      100%       2d13      1%          1
 Confusing Touch          Hex            52%        N/A       1%          3
 Dazzling Flash           Conj/Hex       100%       N/A       1%          3
 Iskenderun's Mystic Bla  Conj/Tloc      41%        2d9       6%          4
 Dispel Undead            Necr           13%        3d9       32%         4


Dungeon Overview and Level Annotations

Branches:
Dungeon (8/15) Zot: 26528  Temple (1/1) D:4 Zot: 5787    Lair (0/5) D:8
  Sewer (visited)          Bailey (1/1) Zot: 5241

Altars:
Ashenzari
Cheibriados
Dithmenos
Elyvilon
Fedhas
Gozag
Hepliaklqana
Kikubaaqudgha
Makhleb
Nemelex Xobeh
Okawaru
Qazlal
Ru
Sif Muna
Trog
Uskayaw
Vehumet
Xom
Yredelemnul
Zin
The Shining One

Shops:
D:2 =   D:3 *


Innate Abilities, Weirdness & Mutations

Your flesh is cold resistant. (rC+)


Message History

The orc knight looks even sicker.
The orc knight barely misses you.
You now have 19/24 mp.
Casting: Searing Ray (safe; 1% risk of failure)
Confirm with . or Enter, or press ? or * to list all spells.
Aiming: Searing Ray (safe; 1% risk of failure)
Press: ? - help, Shift-Dir - straight line, f/p - orc knight
Aim: an orc knight, wielding a +0 halberd and wearing a +0 scale mail (poison gas, heavily wounded, strong, ally target, 79% to hit)
The searing ray hits the orc knight but does no damage.
The orc knight is heavily wounded. (Press . to maintain the ray.)
The orc knight is engulfed in poison gas.
The orc knight looks even sicker.
The orc knight splashes around in the water.
You now have 17/24 mp.
The searing ray misses the orc knight.
The orc knight is engulfed in poison gas.
The orc knight is poisoned.
The orc knight hits you from afar with a +0 halberd!!
Ouch! That really hurt!
The orc knight is engulfed in poison gas.
The orc knight looks as sick as possible!
The orc knight splashes around in the water.
You take 33 damage, and have 21/64 hp.
MASSIVE DAMAGE!!
The searing ray hits the orc knight!
The orc knight is severely wounded.
The orc knight looks even sicker.
The orc knight misses you.
The orc knight looks as sick as possible!
The orc knight splashes around in the water.
Your orc smiles at you.
You now have 16/24 mp.
The searing ray hits the orc knight but does no damage.
The orc knight is severely wounded.
You finish channelling your searing ray.
The orc knight is engulfed in poison gas.
The orc knight looks even sicker.
The orc knight barely misses you.
The orc knight is engulfed in poison gas.
The orc knight looks as sick as possible!
The orc knight hits you from afar with a +0 glaive!!
You die...
Your body crumbles into a pile of gold.

################################
#∩......○☼§§§§§○§§☼☼§§§.........
#.......§§§§§§§☼☼§§§§§☼.........
#.......§§☼§g○○☼§§○☼§☼☼.........
#.......○○○§§§g○○○§☼§☼§.........
#.....~≈§§○§§§§§§§§o○§☼~~~~~~≈≈≈
#.....≈≈###§○§☼goo☼§§§§~~~~~≈≈##
#.....≈##.##§§o@§§g○§☼§~~~~~≈##.
#.....≈#☼§§§☼o☼§☼§§§§§§~~~~~~)))
#.....≈##§☼#☼§§oo§§o☼§○~~~~~≈#∩.
#.....≈≈#)##§§§~○#######~~~~≈##.
#.....~≈≈)○§§§○~○##~~~o##~~~≈≈≈~
#.....~~~§☼☼○§○○☼##~~~o~##~~~~~~
#.....~~○§§§§§§§☼##o''#~~##~~~~~
#.....~~§§☼☼§##§§##∩oo##~~#~~~~~
#.....~~~~~~~##~####'####o##~~~~


You could see 2 orc knights, a friendly orc warrior (summoned), 4 friendly
gnolls and 5 friendly orcs.

Vanquished Creatures
  A cyclops (D:8)
  Grinder (D:6)
  Sigmund (D:6)
  A wyvern (D:8)
  Eustachio (D:4)
  Edmund (D:6)
  10 orc warriors
  2 ice beasts
  A black bear (D:5)
  2 sky beasts
  2 phantoms
  3 centaurs
  3 ogres (D:5)
  3 kobold brigands
  A scorpion (D:7)
  4 killer bees (D:7)
  5 howler monkeys
  5 orc priests
  A jelly (D:5)
  2 hounds (D:5)
  A sleepcap (D:7)
  An iguana (D:6)
  Ijyb (D:3)
  Natasha (thrice) (D:3)
  4 orc wizards
  Terence (D:3)
  3 gnolls (D:3)
  6 adders
  5 river rats (Sewer)
  2 ufetubi (D:5)
  2 worms (D:3)
  5 dart slugs
  40 orcs
  7 endoplasms
  4 giant cockroaches
  10 goblins
  9 hobgoblins
  9 jackals
  4 quokkas
  7 ball pythons
  8 bats
  8 frilled lizards
  7 kobolds
  9 rats
206 creatures vanquished.

Notes
Turn   | Place    | Note
-------+----------+-------------------------------------------
     0 | D:1      | Psyclone the Deep Elf Conjurer began the quest for the Orb.
     0 | D:1      | Reached XP level 1. HP: 10/10 MP: 6/6
   319 | D:1      | Reached XP level 2. HP: 15/15 MP: 6/8
   459 | D:1      | Reached skill level 5 in Conjurations
   809 | D:1      | Reached XP level 3. HP: 19/19 MP: 7/9
   812 | D:1      | Learned a level 2 spell: Searing Ray
  1337 | D:2      | Found Warhoume's One-of-a-Kind Rings.
  2366 | D:2      | Identified a scroll of acquirement
  2366 | D:2      | Acquired the +0 pair of boots of the Desert {rC- Regen+
                  | Int+2}
  2372 | D:2      | Gained mutation: Your flesh is cold resistant. (rC+)
                  | [potion of mutation]
  2491 | D:3      | Noticed Terence
  2499 | D:3      | Killed Terence
  2500 | D:3      | Reached XP level 4. HP: 24/24 MP: 1/10
  2747 | D:3      | Found a blossoming altar of Fedhas.
  2749 | D:3      | Found an ancient bone altar of Kikubaaqudgha.
  2762 | D:3      | Found a transporter.
  2763 | D:3      | Found Zurixzuc's Assorted Antiques.
  3054 | D:3      | Reached XP level 5. HP: 28/28 MP: 4/11
  3462 | D:3      | Noticed Ijyb
  3506 | D:3      | Found a transporter.
  3521 | D:3      | Killed Ijyb
  3900 | D:3      | Noticed Natasha
  3908 | D:3      | Killed Natasha
  4121 | D:3      | Noticed Natasha
  4125 | D:3      | Killed Natasha
  4606 | D:3      | Noticed Natasha
  4612 | D:3      | Killed Natasha
  4814 | D:4      | Noticed Eustachio
  4845 | D:4      | Killed Eustachio
  4846 | D:4      | Reached skill level 5 in Spellcasting
  4846 | D:4      | Reached XP level 6. HP: 27/32 MP: 6/15
  4913 | D:4      | Found a sparkling altar of Nemelex Xobeh.
  4990 | D:4      | Found a glowing drain.
  4995 | Sewer    | Entered a sewer
  5251 | Sewer    | Reached XP level 7. HP: 27/36 MP: 9/18
  5468 | Sewer    | Acquired the amulet of Sonn {Acrobat Will+}
  6190 | D:4      | Found a staircase to the Ecumenical Temple.
  6195 | Temple   | Entered the Ecumenical Temple
  6643 | D:4      | Acquired 788 gold pieces
  7175 | D:5      | Entered Level 5 of the Dungeon
  7350 | D:5      | Reached skill level 1 in Fighting
  7513 | D:5      | Reached XP level 8. HP: 46/46 MP: 8/22
  7939 | D:5      | Reached skill level 5 in Fighting
  8678 | D:6      | Noticed Edmund
  8693 | D:6      | Killed Edmund
  8806 | D:6      | Noticed Grinder
  8816 | D:6      | Killed Grinder
  9063 | D:6      | Noticed Sigmund
  9088 | D:6      | Killed Sigmund
  9383 | D:6      | Reached XP level 9. HP: 56/56 MP: 14/23
 10222 | D:7      | Identified the ring of Spring {*Slow rF++ rN+ Int+6 Dex+3}
 10238 | D:7      | Found a white marble altar of Elyvilon.
 10797 | D:7      | Found a hide-covered altar of Uskayaw.
 10798 | D:7      | Found a stormy altar of Qazlal.
 10800 | D:7      | Found a radiant altar of Vehumet.
 10928 | D:8      | Reached skill level 5 in Dodging
 10937 | D:8      | Found a staircase to the Lair.
 11033 | D:8      | Found a shimmering blue altar of Sif Muna.
 11093 | D:8      | Found a snail-covered altar of Cheibriados.
 11095 | D:8      | Found an opulent altar of Gozag.
 11097 | D:8      | Noticed a cyclops
 11105 | D:8      | Killed a cyclops
 11111 | D:8      | Learned a level 4 spell: Fulminant Prism
 11138 | D:8      | Reached skill level 1 in Hexes
 11151 | D:8      | Became a worshipper of Gozag Ym Sagoz the Greedy
 11337 | D:8      | Found a flagged portal.
 11362 | Bailey   | Entered a bailey
 11386 | Bailey   | Reached XP level 10. HP: 57/64 MP: 13/24
 11862 | Bailey   | Reached skill level 5 in Hexes
 12006 | Bailey   | Noticed an orc knight
 12006 | Bailey   | Noticed an orc knight
 12006 | Bailey   | Noticed an orc knight
 12051 | Bailey   | Slain by an orc knight

Illustrated notes

Levels and vault maps discovered:
D:1:      giann_horns, layout_loops_ring, minmay_lizard_pond
D:2:      layout_loops_corners, serial_rivers, chequers_serial_rivers_micro_e,
          chequers_serial_rivers_large_a, chequers_serial_rivers_small_3,
          chequers_serial_rivers_micro_d, nicolae_shop_unique_rings,
          guppyfry_early_orc_mine
D:3:      layout_basic, grunt_temple_overflow_growth_and_decay, serial_shops,
          nicolae_shop_drivethru, serial_bayou_pond_e, chequers_jeans,
          uniq_natasha, uniq_ijyb, uniq_terence
D:4:      layout_loops_corners, nemelex_diamond_rough_becter, temple_doors_ab,
          portal_sewer_entry_e, minmay_misc_feat_iff, uniq_eustachio
D:5:      layout_basic
D:6:      layout_gridville, kennysheep_big_empty_room, kennysheep_flooded_box,
          grunt_ministairs_3, uniq_sigmund, uniq_grinder, uniq_edmund
D:7:      layout_basic, lemuel_tele_altar, minitemple
D:8:      wad_lake_hut, layout_loops_ring, mainiacjoe_overflow_catwalk_spiral,
          lemuel_doored_altar, lair_entry_dummy, enter_bailey_2,
          minmay_misc_feat_diagonals, grunt_ministairs_5,
          kennysheep_generic_room_12
Temple:   grunt_temple_mini_profane
Bailey:   bailey_polearm_2, bailey

Skill      XL: |  1  2  3  4  5  6  7  8  9 10 |
---------------+-------------------------------+-----
Conjurations   | 5 6 7 8 |  8.0
Spellcasting   | 5 6 8 |  8.1
Fighting       | 3 6 8 |  8.0
Dodging        | 8 |  8.0
Hexes          | 2 5 |  5.8
Stealth        | |  2.4

Action                     |  1- 3 |  4- 6 |  7- 9 | 10-12 || total
---------------------------+-------+-------+-------+-------++-------
  Melee: Dagger            |     7 |     2 |    31 |       ||    40
         Punch             |       |       |     1 |       ||     1
   Cast: Magic Dart        |    99 |   108 |   135 |     1 ||   343
         Searing Ray       |     2 |    12 |    57 |    17 ||    88
  Evoke: Wand              |       |       |     1 |       ||     1
    Use: Scroll            |     5 |     2 |     9 |     3 ||    19
         Potion            |     5 |     3 |     1 |       ||     9
 Armour: Robe              |     7 |    11 |    17 |     1 ||    36
  Dodge: Dodged            |    22 |    22 |    95 |    55 ||   194
